John, neutral female human Monk ------ -.--*-- .@%...| .h...-- ..[| .<.| |.- John the Initiate Experience level: 6 Strength: 17 Dexterity: 14 Constitution: 10 Intelligence: 13 Wisdom: 13 Charisma: 10 Health: 0(42) Energy: 22(31) Def: 6 Gold: 154 Moves: 1175 Dungeon seed: mv5Bju4l9U5g3dE4 Game ID: John_1474043853 Your Inventory: Coins $ - 154 gold pieces Weapons m - 28 +0 darts y - a +0 dwarvish mattock Armor e - a blessed +2 pair of leather gloves (being worn) n - a blessed +1 robe (being worn) Comestibles f - 3 uncursed food rations g - 6 uncursed apples h - 5 uncursed oranges i - 3 uncursed fortune cookies k - an uncursed sprig of wolfsbane Scrolls b - an uncursed scroll of earth s - an uncursed scroll of blank paper w - an uncursed scroll of remove curse Spellbooks a - a blessed spellbook of healing Potions c - an uncursed potion of healing d - a blessed potion of healing o - an uncursed potion of gain energy Tools j - a magic marker (0:98) p - an uncursed towel q - an uncursed tallow candle (0:200) t - a tinning kit (0:47) u - an uncursed credit card z - 6 cursed tallow candles (0:200) Spells and supernatural/magical abilities: Name Level Category Fail Memory h - healing 1 healing 0% 95% W - pray for help -- divine ? -- Your skills at the end: Fighting Skills martial arts [Skilled] Weapon Skills Spellcasting Skills healing spells [Basic] Final Attributes: You were piously aligned. You were sleep resistant. You were poison resistant. You saw invisible. You were stealthy. You were fast. You were lucky. You are dead. Vanquished creatures: 2 gnome kings a gnome mummy a shrieker 3 gnome lords 2 gnomish wizards a golden naga hatchling a gray ooze a kitten 6 dwarves a hill orc a monkey an iguana 2 hobbits 18 gnomes 2 jackals a fox a goblin 7 grid bugs 2 lichens 54 creatures vanquished. Voluntary challenges: You followed a strict vegan diet. You never hit with a wielded weapon. You read items or engraved 1 time, starting on turn 935. You never genocided any monsters. You never polymorphed an object. You never changed form. You used no wishes. You never split a pudding. You wrote Elbereth's name 1 time, starting on turn 935. You never violated your personal moral code. Dungeon overview: The Dungeons of Doom: levels 1 to 2 Level 1 a fountain a long staircase Level 2 some fountains stairs to The Gnomish Mines The Gnomish Mines: levels 3 to 8 Level 3 stairs to The Dungeons of Doom Level 4 Level 5 many shops, a temple to Chih Sung-tzu, some fountains Level 6 Level 7 Level 8 <- You were here History has recorded: On T:1 you entered the Dungeons of Doom to retrieve the Amulet of Yendor! On T:250 you reached level 2 of The Dungeons of Doom. On T:370 you advanced to experience level 2. On T:395 you reached level 1 of The Gnomish Mines. On T:421 you advanced to experience level 3. On T:442 you advanced to experience level 4. On T:555 you reached level 2 of The Gnomish Mines. On T:589 you reached level 3 of The Gnomish Mines. On T:722 you advanced to experience level 5. On T:1053 you reached level 4 of The Gnomish Mines. On T:1106 you reached level 5 of The Gnomish Mines. On T:1115 you advanced to experience level 6. On T:1157 you reached level 6 of The Gnomish Mines. Score breakdown: Gold: 154 ( 7450 points) Experience: 6 levels (12456 points) Exploration: 8 levels ( 16.33%) (11456 points) Discoveries: 3 items ( 1.07%) ( 3105 points) Valuables value: (no points given unless you survive) Artifact value: 0 ( 0 points) Variety of kills: 19 monsters ( 4.99%) ( 6699 points) Turncount: 1175 turns ( 0 points) Survival: died (score multiplied by 80%) Total score: 32932 Latest messages: The purple-red potion misses the dwarf king. An uncursed purple-red potion shatters! You smell a peculiar odor... You have a momentary vision. The dwarf king thrusts his broad short sword. The dwarf king hits! The dwarf king thrusts his broad short sword. The dwarf king hits! The gnome hits! You feel better. The gnome picks up a dwarvish cloak. The gnome puts on a dwarvish cloak. You kill the gnome! (2x) You hit the dwarf king. The dwarf king thrusts his broad short sword. The dwarf king hits! The dwarf king thrusts his broad short sword. The dwarf king hits! You die... Final status: Goodbye John the Monk, killed by a dwarf king... You died in The Gnomish Mines on dungeon level 8 with 32932 points, and 154 pieces of gold, after 1175 moves. You were level 6 with a maximum of 42 hit points when you died.